 Dungeon Crawl Stone Soup version 0.29.0-10-g45618ea6d2 (webtiles) character file.

Game seed: 4609591787311749663

792 Arum the Trooper (level 8, -1/64 HPs)
             Began as a Formicid Fighter on Sept 1, 2022.
             Was an Initiate of Ashenzari.
             Slain by a black bear (11 damage)
             ... on level 5 of the Dungeon.
             The game lasted 00:05:32 (3957 turns).

Arum the Trooper (Formicid Fighter)                 Turns: 3957, Time: 00:05:33

Health: -1/64      AC:  7    Str: 34    XL:     8   Next: 12%
Magic:  0/8        EV: 10    Int:  9    God:    Ashenzari [......]
Gold:   210        SH:  5    Dex: 17    Spells: 7/7 levels left

rFire   . . .      SeeInvis +   s - +6 great sword of Lust {freeze, Str+6 Dex+4}
rCold   + . .      Faith    .   c - +0 buckler
rNeg    . . .      Spirit   +   b - +0 scale mail
rPois   .          Reflect  .   (helmet unavailable)
rElec   .          Harm     .   (no cloak)
rCorr   .          Rampage  .   (no gloves)
Will    .....                   (no boots)
Stlth   ..........              k - amulet of Apeoromancy {Spirit, Self, Alch} (curse)
HPRegen 0.20/turn               e - ring of protection from cold
MPRegen 0.11/turn               r - +6 ring of strength

@: no status effects
A: permanent stasis, dig shafts and tunnels, antennae 3, four strong arms
a: Dig, Shaft Self, Renounce Religion, Curse Item, Shatter the Chains


You were on level 5 of the Dungeon.
You worshipped Ashenzari.
Ashenzari was noncommittal.
You visited 1 branch of the dungeon, and saw 5 of its levels.

You collected 210 gold pieces.

Inventory:

Hand Weapons
 a - a +0 quarterstaff
 p - a +0 quarterstaff
 s - the +6 great sword of Lust (weapon) {freeze, Str+6 Dex+4}
   (You found it on level 3 of the Dungeon)

   It freezes those it strikes, dealing additional cold damage.
   It can also slow down cold-blooded creatures.
   Str:       It affects your strength (+6).
   Dex:       It affects your dexterity (+4).
Armour
 b - a +0 scale mail (worn)
 c - a +0 buckler (worn)
Jewellery
 e - a ring of protection from cold (left hand)
 k - the cursed amulet of Apeoromancy (around neck) {Spirit, Self, Alch}
   (You found it on level 3 of the Dungeon)

   [amulet of guardian spirit]

   It causes incoming damage to be divided between your reserves of health and
   magic.
   It has a curse which improves the following skills: Introspection: Fighting
   and Spellcasting.
   Alchemy:   Poison Magic and Transmutations.
 r - a +6 ring of strength (right hand)
Scrolls
 g - 4 scrolls of identify {unknown}
 j - a scroll of silence {unknown}
 l - a scroll of noise {unknown}
 m - a scroll of enchant armour {unknown}
 n - 2 scrolls of brand weapon {unknown}
 t - a scroll of summoning {unknown}
 v - 2 scrolls of magic mapping {unknown}
 w - a scroll of poison {unknown}
 x - a scroll of enchant weapon {unknown}
 y - 2 scrolls of blinking {unknown}
 z - a scroll of teleportation {unknown}
Potions
 d - 3 potions of might
 f - a potion of resistance {unknown}
 h - 5 potions of mutation {unknown}
 i - 2 potions of curing {unknown}
 o - a potion of berserk rage {unknown}
 q - a potion of heal wounds {unknown}
 u - a potion of haste {unknown}


   Skills:
 + Level 5.8(6.3) Fighting
 * Level 4.8 Long Blades
 - Level 3.2 Staves
 + Level 5.8 Armour
 - Level 4.0 Shields


You had 7 spell levels left.
You didn't know any spells.
Your spell library was empty.

Dungeon Overview and Level Annotations

Branches:
Dungeon (5/15)             Temple (0/1) D:4

Altars:
Ashenzari

Shops:
D:5 (


Innate Abilities, Weirdness & Mutations

You cannot be hasted, slowed, berserked, paralysed or teleported.
You can dig through walls and to a lower floor.
You have a pair of large antennae on your head. (SInv)
Your four strong arms can wield two-handed weapons with a shield.


Message History

You are too injured to fight recklessly!
You are too injured to fight recklessly!
You are too injured to fight recklessly!
You are too injured to fight recklessly!
You are too injured to fight recklessly!
You are too injured to fight recklessly!
You are too injured to fight recklessly!
You are too injured to fight recklessly!
You hit the black bear. You freeze the black bear.
The black bear is lightly wounded.
The black bear bites you.
The black bear claws you but does no damage. x2
You hit the black bear. You freeze the black bear.
The black bear is moderately wounded.
You block the black bear's attack.
The black bear claws you but does no damage.
The black bear claws you.
The black bear bites you but does no damage.
The black bear completely misses you.
The black bear claws you but does no damage.
You slash the black bear! You freeze the black bear.
The black bear is severely wounded.
The black bear goes berserk!
You closely miss the black bear.
The black bear is severely wounded.
You block the black bear's attack. The black bear barely misses you.
The black bear claws you.
* * * LOW HITPOINT WARNING * * *
The black bear barely misses you. The black bear claws you.
* * * LOW HITPOINT WARNING * * *
The black bear claws you but does no damage.
The black bear closely misses you. The black bear claws you.
* * * LOW HITPOINT WARNING * * *
You block the black bear's attack.
Unknown command.
Unknown command.
You hit the black bear. You freeze the black bear.
The black bear is almost dead.
The black bear bites you!
You die...

#.....#<....#.......
#.....#o....##..#
#..5..#........8.
#.....+........<.
#.....#......8.∩.
#.....#..........
#......########8#
#######h# .. #@##
###


You could see a black bear (berserk).

Vanquished Creatures
  Grinder (D:5)
  Eustachio (D:4)
  An ogre (D:4)
  A black bear (D:4)
  2 orc priests (D:4)
  2 orc wizards (D:4)
  2 adders
  An ufetubus (D:5)
  4 worms
  4 dart slugs
  18 orcs
  5 bats
  13 endoplasms
  6 giant cockroaches
  7 goblins
  8 hobgoblins
  9 jackals
  2 quokkas (D:1)
  8 ball pythons
  2 frilled lizards
  8 kobolds
  8 rats
113 creatures vanquished.

Notes
Turn   | Place    | Note
-------+----------+-------------------------------------------
     0 | D:1      | Arum the Formicid Fighter began the quest for the Orb.
     0 | D:1      | Reached XP level 1. HP: 18/18 MP: 1/1
    78 | D:1      | Reached XP level 2. HP: 11/24 MP: 2/2
   392 | D:1      | Reached XP level 3. HP: 30/30 MP: 3/3
  1208 | D:2      | Reached XP level 4. HP: 37/37 MP: 4/4
  1355 | D:2      | You fall into a shaft and drop 1 floor!
  1355 | D:3      | Found a broken altar of Ashenzari.
  1387 | D:3      | Became a worshipper of Ashenzari the Shackled
  2125 | D:3      | Reached XP level 5. HP: 9/42 MP: 5/5
  2482 | D:3      | Identified the +6 great sword of Lust {freeze, Str+6 Dex+4}
  2790 | D:4      | Noticed Eustachio
  2795 | D:4      | Killed Eustachio
  2796 | D:4      | Reached XP level 6. HP: 45/51 MP: 4/6
  2952 | D:4      | Noticed an ogre
  2955 | D:4      | Killed an ogre
  2956 | D:4      | Reached skill level 5 in Fighting
  2956 | D:4      | Reached skill level 5 in Armour
  2956 | D:4      | Reached XP level 7. HP: 46/56 MP: 5/7
  3037 | D:4      | Found a staircase to the Ecumenical Temple.
  3884 | D:5      | Entered Level 5 of the Dungeon
  3913 | D:5      | Found Mefale's Weapon Shoppe.
  3927 | D:5      | Noticed Grinder
  3952 | D:5      | Killed Grinder
  3953 | D:5      | Reached XP level 8. HP: 31/64 MP: 2/8
  3957 | D:5      | Slain by a black bear

Illustrated notes

Levels and vault maps discovered:
D:1:      lemuel_arrival_rhombus, layout_basic
D:2:      layout_basic
D:3:      layout_rooms, lemuel_round_altar
D:4:      layout_loops_ring, minmay_temple_entry_ruins, minmay_circle_x,
          uniq_eustachio
D:5:      layout_gridville, serial_shops, kennysheep_mini,
          nicolae_shop_statue_plus, uniq_grinder

Skill      XL: |  1  2  3  4  5  6  7 |
---------------+----------------------+-----
Fighting       | 4 5 |  5.8
Armour         | 4 5 |  5.8
Staves         | 3 |  3.2
Long Blades    | 2 3 4 |  4.8
Shields        | |  4.0

Action                   |  1- 3 |  4- 6 |  7- 9 || total
-------------------------+-------+-------+-------++-------
Melee: Quarterstaff      |   108 |   113 |       ||   221
       Great sword       |       |    26 |    74 ||   100
Invok: Curse Item        |       |     1 |       ||     1
 Abil: Dig               |       |       |     2 ||     2
Armor: Scale mail        |    28 |    45 |    30 ||   103
Dodge: Dodged            |    51 |    52 |    49 ||   152
Block: Buckler           |    23 |    27 |    22 ||    72
